Workbook
Name \A: #REF!
Name \A: #REF!
Name \A: #REF!
Name \A: #REF!
Name \B: #REF!
Name \B: #REF!
Name \B: #REF!
Name \B: #REF!
Name \C: #REF!
Name \C: #REF!
Name \C: #REF!
Name \C: #REF!
Name \D: #REF!
Name \D: #REF!
Name \D: #REF!
Name \D: #REF!
Name \E: #REF!
Name \E: #REF!
Name \E: #REF!
Name \E: #REF!
Name \F: #REF!
Name \F: #REF!
Name \F: #REF!
Name \F: #REF!
Name \G: #REF!
Name \G: #REF!
Name \G: #REF!
Name \G: #REF!
Name \H: #REF!
Name \H: #REF!
Name \H: #REF!
Name \H: #REF!
Name \J: #REF!
Name \J: #REF!
Name \J: #REF!
Name \J: #REF!
Name \K: #REF!
Name \K: #REF!
Name \K: #REF!
Name \K: #REF!
Name \L: #REF!
Name \L: #REF!
Name \P: #REF!
Name \P: #REF!
Name \Q: #REF!
Name \Q: #REF!
Name \Q: #REF!
Name \Q: #REF!
Name \x: #REF!
Name \x: #REF!
Name \x: #REF!
Name \x: #REF!
Name \z: #REF!
Name \z: #REF!
Name \z: #REF!
Name \z: #REF!
Name _______________: '[1]22 March 2000'!#REF!
Name _______________: '[2]22 March 2000'!#REF!
Name _______________: '[1]22 March 2000'!#REF!
Name _____________________sec12: #REF!

Sheet Summary
A1: THE NATIONAL ZOOLOGICAL GARDENS OF SOUTH AFRICA IN PRETORIA
A3: THE SOUTH AFRICAN NATIONAL BIODIVERSITY INSTITUTE (SANBI)
A4: THE DESIGN, UPGRADE AND RECONSTRUCTION OF THE AQUARIUM AND ASSOCIATED TANKS, REPTILE PARK AND OUTDOOR AQUATIC POOLS
A7: SUMMARY OF SCHEDULES
A10: SCHEDULE | B10: DESCRIPTION | F10: AMOUNT
A13: SCHEDULE 1: | B13: PRELIMINARIES AND GENERALS
A15: SCHEDULE 2: | B15: BUILDING WORKS
A17: SCHEDULE 3: | B17: ELECTRICAL INSTALLATIONS
A19: SCHEDULE 4: | B19: MECHANICAL INSTALLATIONS
A53: SUB-TOTAL 1
A55: ADD: 10% CONTINGENCIES | D55: 0.05
A57: SUB-TOTAL 2
A59: ADD 15% VAT | D59: 0.15
A61: TOTAL AMOUNT CARRIED TO FORM OF OFFER AND ACCEPTANCE

Sheet P and Gs
A1: =Summary!A1 -> THE NATIONAL ZOOLOGICAL GARDENS OF SOUTH AFRICA IN PRETORIA
A2: THE SOUTH AFRICAN NATIONAL BIODIVERSITY INSTITUTE (SANBI)
A3: =Summary!A4 -> THE DESIGN, UPGRADE AND RECONSTRUCTION OF THE AQUARIUM AND ASSOCIATED TANKS, REPTILE PARK AND OUTDOOR AQUATIC POOLS
A4: SCHEDULE 1 : PRELIMINARY AND GENERAL
A6: ITEM | B6: PAYM. | C6: DESCRIPTION | D6: UNIT | E6: QTY | F6: RATE | G6: AMOUNT
A7: NO. | B7: REF.
B9: SABS | C9: PRELIMINARY AND GENERAL
B10: 1200 A
A11: 1.1 | B11: 8.3
A12: 1.1.1 | B12: PSA 4.1 | C12: Contractual Requirements | D12: Sum | E12: 1
A14: 1.1.2 | B14: 8.3.2 | C14: Establish facilities on the site
A16: 1.1.2.1 | B16: 8.3.2.1 | C16: i) Facilities for Engineer | G16: =IF(OR(AND(E16="Prov",F16="Sum"),(F16="PC Sum")),". . . . . . . . .00",IF(ISERR(E16*F16),"",IF(E16*F16=0,"",ROUND(E16*F16,2))))
B18: PSA 4.5 | C18: a) Furnished offices (1x) and meeting facility | D18: Sum | E18: 1
C20: b) Contract Name board | D20: Sum | E20: 1
A22: 1.1.2.2 | B22: 8.3.2.2 | C22: ii) Facilities for Contractor
C24: a) Offices and storage sheds | D24: Sum | E24: 1
C26: b) Workshops | D26: Sum | E26: 1
G27: =IF(OR(AND(E27="Prov",F27="Sum"),(F27="PC Sum")),". . . . . . . . .00",IF(ISERR(E27*F27),"",IF(E27*F27=0,"",ROUND(E27*F27,2))))
C28: c) Ablution and latrine facilities | D28: Sum | E28: 1 | G28: =IF(OR(AND(E28="Prov",F28="Sum"),(F28="PC Sum")),". . . . . . . . .00",IF(ISERR(E28*F28),"",IF(E28*F28=0,"",ROUND(E28*F28,2))))
G29: =IF(OR(AND(E29="Prov",F29="Sum"),(F29="PC Sum")),". . . . . . . . .00",IF(ISERR(E29*F29),"",IF(E29*F29=0,"",ROUND(E29*F29,2))))
C30: d) Tools and equipment | D30: Sum | E30: 1 | G30: =IF(OR(AND(E30="Prov",F30="Sum"),(F30="PC Sum")),". . . . . . . . .00",IF(ISERR(E30*F30),"",IF(E30*F30=0,"",ROUND(E30*F30,2))))
G31: =IF(OR(AND(E31="Prov",F31="Sum"),(F31="PC Sum")),". . . . . . . . .00",IF(ISERR(E31*F31),"",IF(E31*F31=0,"",ROUND(E31*F31,2))))
C32: e) Water supplies, electric power | G32: =IF(OR(AND(E32="Prov",F32="Sum"),(F32="PC Sum")),". . . . . . . . .00",IF(ISERR(E32*F32),"",IF(E32*F32=0,"",ROUND(E32*F32,2))))
C33: & communications | D33: Sum | E33: 1 | G33: =IF(OR(AND(E33="Prov",F33="Sum"),(F33="PC Sum")),". . . . . . . . .00",IF(ISERR(E33*F33),"",IF(E33*F33=0,"",ROUND(E33*F33,2))))
G34: =IF(OR(AND(E34="Prov",F34="Sum"),(F34="PC Sum")),". . . . . . . . .00",IF(ISERR(E34*F34),"",IF(E34*F34=0,"",ROUND(E34*F34,2))))
C35: f) Dealing with water | D35: Sum | E35: 1 | G35: =IF(OR(AND(E35="Prov",F35="Sum"),(F35="PC Sum")),". . . . . . . . .00",IF(ISERR(E35*F35),"",IF(E35*F35=0,"",ROUND(E35*F35,2))))
G36: =IF(OR(AND(E36="Prov",F36="Sum"),(F36="PC Sum")),". . . . . . . . .00",IF(ISERR(E36*F36),"",IF(E36*F36=0,"",ROUND(E36*F36,2))))
C37: g) Access | D37: Sum | E37: 1 | G37: =IF(OR(AND(E37="Prov",F37="Sum"),(F37="PC Sum")),". . . . . . . . .00",IF(ISERR(E37*F37),"",IF(E37*F37=0,"",ROUND(E37*F37,2))))
G38: =IF(OR(AND(E38="Prov",F38="Sum"),(F38="PC Sum")),". . . . . . . . .00",IF(ISERR(E38*F38),"",IF(E38*F38=0,"",ROUND(E38*F38,2))))
C39: h) Plant | D39: Sum | E39: 1 | G39: =IF(OR(AND(E39="Prov",F39="Sum"),(F39="PC Sum")),". . . . . . . . .00",IF(ISERR(E39*F39),"",IF(E39*F39=0,"",ROUND(E39*F39,2))))
G40: =IF(OR(AND(E40="Prov",F40="Sum"),(F40="PC Sum")),". . . . . . . . .00",IF(ISERR(E40*F40),"",IF(E40*F40=0,"",ROUND(E40*F40,2))))
A41: 1.1.2.3 | B41: 8.3.4 | C41: Removal of Engineer's and Contractor's site establishment from site on completion of works. | G41: =IF(OR(AND(E41="Prov",F41="Sum"),(F41="PC Sum")),". . . . . . . . .00",IF(ISERR(E41*F41),"",IF(E41*F41=0,"",ROUND(E41*F41,2))))
D42: Sum | E42: 1 | G42: =IF(OR(AND(E42="Prov",F42="Sum"),(F42="PC Sum")),". . . . . . . . .00",IF(ISERR(E42*F42),"",IF(E42*F42=0,"",ROUND(E42*F42,2))))
G43: =IF(OR(AND(E43="Prov",F43="Sum"),(F43="PC Sum")),". . . . . . . . .00",IF(ISERR(E43*F43),"",IF(E43*F43=0,"",ROUND(E43*F43,2))))
A44: 1.2 | B44: 8.4 | C44: TIME RELATED ITEMS | G44: =IF(OR(AND(E44="Prov",F44="Sum"),(F44="PC Sum")),". . . . . . . . .00",IF(ISERR(E44*F44),"",IF(E44*F44=0,"",ROUND(E44*F44,2))))
A46: 1.2.1 | B46: PSA 4.2 | C46: Contractual requirements | D46: Sum | E46: 12 | G46: =IF(OR(AND(E46="Prov",F46="Sum"),(F46="PC Sum")),". . . . . . . . .00",IF(ISERR(E46*F46),"",IF(E46*F46=0,"",ROUND(E46*F46,2))))
G47: =IF(OR(AND(E47="Prov",F47="Sum"),(F47="PC Sum")),". . . . . . . . .00",IF(ISERR(E47*F47),"",IF(E47*F47=0,"",ROUND(E47*F47,2))))
A48: 1.3 | B48: 8.4.2 | C48: Operations and maintenance of facilities on site | G48: =IF(OR(AND(E48="Prov",F48="Sum"),(F48="PC Sum")),". . . . . . . . .00",IF(ISERR(E48*F48),"",IF(E48*F48=0,"",ROUND(E48*F48,2))))
A50: 1.3.1 | B50: 8.4.2.1 | C50: Facilities for Employer's Agent for duration of construction | G50: =IF(OR(AND(E50="Prov",F50="Sum"),(F50="PC Sum")),". . . . . . . . .00",IF(ISERR(E50*F50),"",IF(E50*F50=0,"",ROUND(E50*F50,2))))
G51: =IF(OR(AND(E51="Prov",F51="Sum"),(F51="PC Sum")),". . . . . . . . .00",IF(ISERR(E51*F51),"",IF(E51*F51=0,"",ROUND(E51*F51,2))))
B52: PSA 4.6 | G52: =IF(OR(AND(E52="Prov",F52="Sum"),(F52="PC Sum")),". . . . . . . . .00",IF(ISERR(E52*F52),"",IF(E52*F52=0,"",ROUND(E52*F52,2))))
C53: a) Employer's Agent office | D53: Sum | E53: =E46 -> 12 | G53: =IF(OR(AND(E53="Prov",F53="Sum"),(F53="PC Sum")),". . . . . . . . .00",IF(ISERR(E53*F53),"",IF(E53*F53=0,"",ROUND(E53*F53,2))))
G54: =IF(OR(AND(E54="Prov",F54="Sum"),(F54="PC Sum")),". . . . . . . . .00",IF(ISERR(E54*F54),"",IF(E54*F54=0,"",ROUND(E54*F54,2))))
C55: b) Name board | D55: Sum | E55: =E53 -> 12 | G55: =IF(OR(AND(E55="Prov",F55="Sum"),(F55="PC Sum")),". . . . . . . . .00",IF(ISERR(E55*F55),"",IF(E55*F55=0,"",ROUND(E55*F55,2))))
G56: =IF(OR(AND(E56="Prov",F56="Sum"),(F56="PC Sum")),". . . . . . . . .00",IF(ISERR(E56*F56),"",IF(E56*F56=0,"",ROUND(E56*F56,2))))
A57: 1.4 | B57: 8.4.2 | C57: Operations and maintenance of facilities on site | G57: =IF(OR(AND(E57="Prov",F57="Sum"),(F57="PC Sum")),". . . . . . . . .00",IF(ISERR(E57*F57),"",IF(E57*F57=0,"",ROUND(E57*F57,2))))
A58: 1.4.1 | B58: 8.4.2.2 | C58: Facilities for the Contractor for the duration of the Contract, except where otherwise stated | G58: =IF(OR(AND(E58="Prov",F58="Sum"),(F58="PC Sum")),". . . . . . . . .00",IF(ISERR(E58*F58),"",IF(E58*F58=0,"",ROUND(E58*F58,2))))
G59: =IF(OR(AND(E59="Prov",F59="Sum"),(F59="PC Sum")),". . . . . . . . .00",IF(ISERR(E59*F59),"",IF(E59*F59=0,"",ROUND(E59*F59,2))))
G60: =IF(OR(AND(E60="Prov",F60="Sum"),(F60="PC Sum")),". . . . . . . . .00",IF(ISERR(E60*F60),"",IF(E60*F60=0,"",ROUND(E60*F60,2))))
C61: a) Offices and storage sheds | D61: Sum | E61: =E55 -> 12 | G61: =IF(OR(AND(E61="Prov",F61="Sum"),(F61="PC Sum")),". . . . . . . . .00",IF(ISERR(E61*F61),"",IF(E61*F61=0,"",ROUND(E61*F61,2))))
G62: =IF(OR(AND(E62="Prov",F62="Sum"),(F62="PC Sum")),". . . . . . . . .00",IF(ISERR(E62*F62),"",IF(E62*F62=0,"",ROUND(E62*F62,2))))
C63: b) Workshops | D63: Sum | E63: =E61 -> 12 | G63: =IF(OR(AND(E63="Prov",F63="Sum"),(F63="PC Sum")),". . . . . . . . .00",IF(ISERR(E63*F63),"",IF(E63*F63=0,"",ROUND(E63*F63,2))))
G64: =IF(OR(AND(E64="Prov",F64="Sum"),(F64="PC Sum")),". . . . . . . . .00",IF(ISERR(E64*F64),"",IF(E64*F64=0,"",ROUND(E64*F64,2))))
C65: c) Ablution and latrine facilities | D65: Sum | E65: =E63 -> 12 | G65: =IF(OR(AND(E65="Prov",F65="Sum"),(F65="PC Sum")),". . . . . . . . .00",IF(ISERR(E65*F65),"",IF(E65*F65=0,"",ROUND(E65*F65,2))))
A67: TOTAL CARRIED FORWARD
A70: =+A3 -> THE DESIGN, UPGRADE AND RECONSTRUCTION OF THE AQUARIUM AND ASSOCIATED TANKS, REPTILE PARK AND OUTDOOR AQUATIC POOLS
A72: =A4 -> SCHEDULE 1 : PRELIMINARY AND GENERAL
A73: ITEM | B73: PAYM. | C73: DESCRIPTION | D73: =+D6 -> UNIT | E73: QTY | F73: =+F6 -> RATE | G73: =+G6 -> AMOUNT
A74: NO. | B74: REF.
A75: TOTAL BROUGHT FORWARD
C78: d) Tools and equipment | D78: Sum | E78: =E65 -> 12
C80: e) Water supplies, electric power & communications | D80: Sum | E80: =E78 -> 12
C82: f) Dealing with water | D82: Sum | E82: =E80 -> 12
C84: g) Access | D84: Sum | E84: =E82 -> 12
C86: h) Plant | D86: Sum | E86: =E84 -> 12
A88: 1.4.2 | B88: 8.4.3 | C88: Supervision for duration of the construction by the contractor | D88: sum | E88: =E86 -> 12
A90: 1.4.3 | B90: 8.4.4 | C90: Company and Head Office overhead costs for the
C91: duration of the Contract | D91: Sum | E91: =E88 -> 12
A93: 1.4.4 | B93: 8.4.5 | C93: Other time related obligations | D93: Sum | E93: =E91 -> 12
A95: 1.5 | B95: 8.5 | C95: SUMS STATED PROVISIONALLY BY THE | G95: =IF(OR(AND(E95="Prov",F95="Sum"),(F95="PC Sum")),". . . . . . . . .00",IF(ISERR(E95*F95),"",IF(E95*F95=0,"",ROUND(E95*F95,2))))
C96: EMPLOYER'S AGENT | G96: =IF(OR(AND(E96="Prov",F96="Sum"),(F96="PC Sum")),". . . . . . . . .00",IF(ISERR(E96*F96),"",IF(E96*F96=0,"",ROUND(E96*F96,2))))
G97: =IF(OR(AND(E97="Prov",F97="Sum"),(F97="PC Sum")),". . . . . . . . .00",IF(ISERR(E97*F97),"",IF(E97*F97=0,"",ROUND(E97*F97,2))))
C98: a) Provisional sum for Training | D98: Prov. Sum | E98: 1 | F98: 250000 | G98: =IF(OR(AND(E98="Prov",F98="Sum"),(F98="PC Sum")),". . . . . . . . .00",IF(ISERR(E98*F98),"",IF(E98*F98=0,"",ROUND(E98*F98,2)))) -> 250000
G99: =IF(OR(AND(E99="Prov",F99="Sum"),(F99="PC Sum")),". . . . . . . . .00",IF(ISERR(E99*F99),"",IF(E99*F99=0,"",ROUND(E99*F99,2))))
B100: 8.5 b) 2) | C100: b) Overheads, charges and profit on 1.3 a) to e) | D100: % | E100: =F98 -> 250000
C102: c) Additional testing as required by the Employer's Agent | D102: Prov. Sum | E102: 1 | F102: 20000 | G102: =IF(OR(AND(E102="Prov",F102="Sum"),(F102="PC Sum")),". . . . . . . . .00",IF(ISERR(E102*F102),"",IF(E102*F102=0,"",ROUND(E102*F102,2)))) -> 20000
G103: =IF(OR(AND(E103="Prov",F103="Sum"),(F103="PC Sum")),". . . . . . . . .00",IF(ISERR(E103*F103),"",IF(E103*F103=0,"",ROUND(E103*F103,2))))
A104: 1.6 | B104: 8.5 | C104: OCCUPATIONAL HEALTH AND SAFETY | G104: =IF(OR(AND(E104="Prov",F104="Sum"),(F104="PC Sum")),". . . . . . . . .00",IF(ISERR(E104*F104),"",IF(E104*F104=0,"",ROUND(E104*F104,2))))
G105: =IF(OR(AND(E105="Prov",F105="Sum"),(F105="PC Sum")),". . . . . . . . .00",IF(ISERR(E105*F105),"",IF(E105*F105=0,"",ROUND(E105*F105,2))))
C106: a) Compliance with Occupational Health and Safety Act (Act 85 of 1993) and its regulations and with the Employers Health and Safety Specification | D106: Sum | E106: 1 | F106: 20000 | G106: =IF(OR(AND(E106="Prov",F106="Sum"),(F106="PC Sum")),". . . . . . . . .00",IF(ISERR(E106*F106),"",IF(E106*F106=0,"",ROUND(E106*F106,2)))) -> 20000
C108: b) Compliance with Occupational Health and Safety Act (Act 85 of 1993) and its regulations and with the Employers Health and Safety Specification | D108: Month | E108: =E91 -> 12
B110: 8.5 b) 2) | C110: c) Compliance with Covid-19 OHS Specifications (including Covid 19 Safety Induction, Employee screening, Workplace Readiness Plan and Risk Assessment Safety proceedure file, Re-Usable Masks forehead Body infrared Thermometer | D110: Sum | E110: =E108 -> 12
A112: 1.7 | C112: DAYWORKS
C114: a) Labourers:
C116: (i) Unskilled | D116: hr | G116: Rate Only
C118: (ii) Semi-skilled | D118: hr | G118: Rate Only
C120: (iii) Skilled | D120: hr | G120: Rate Only
C122: b) Foreman | D122: hr | G122: Rate Only
C124: c) Tipper trucks:
C126: (i) 3 - 5 ton | D126: hr | G126: Rate Only
A128: TOTAL CARRIED FORWARD
A132: =A3 -> THE DESIGN, UPGRADE AND RECONSTRUCTION OF THE AQUARIUM AND ASSOCIATED TANKS, REPTILE PARK AND OUTDOOR AQUATIC POOLS
A133: =A4 -> SCHEDULE 1 : PRELIMINARY AND GENERAL
A134: ITEM | B134: PAYM. | C134: DESCRIPTION | D134: UNIT | E134: QTY | F134: RATE | G134: AMOUNT
A135: NO. | B135: REF.
A136: TOTAL BROUGHT FORWARD
C139: (ii) 5,1 - 10 ton | D139: hr | F139: 550 | G139: Rate Only
C141: d) Loader (0,5m³) | D141: hr | F141: 750 | G141: Rate Only
C143: e) LDV | D143: hr | F143: 550 | G143: Rate Only
A191: TOTAL SCHEDULE 1 CARRIED FORWARD TO SUMMARY

Sheet Building Works Summary
A1: =Summary!A1 -> THE NATIONAL ZOOLOGICAL GARDENS OF SOUTH AFRICA IN PRETORIA
A2: ='P and Gs'!A2:F2 -> THE SOUTH AFRICAN NATIONAL BIODIVERSITY INSTITUTE (SANBI)
A3: THE DESIGN, UPGRADE AND RECONSTRUCTION OF THE AQUARIUM AND ASSOCIATED TANKS, REPTILE PARK AND OUTDOOR AQUATIC POOLS
A5: SCHEDULE 2: SUMMARY OF BUILDING WORKS
A7: ITEM NO | B7: DESCRIPTION | C7: AMOUNT
A9: 2.1 | B9: Alterations
A11: 2.2 | B11: Earthworks
A13: 2.3 | B13: Concrete, Formwork and Reinforcement
A15: 2.4 | B15: Brickwork
A17: 2.5 | B17: Waterproofing
A19: 2.6 | B19: Roof Coverings, etc
A21: 2.7 | B21: Carpentry and Joinery
A23: 2.8 | B23: Floor Coverings
A25: 2.9 | B25: Ironmongery
A27: 2.10 | B27: Structural Steelwork
A29: 2.11 | B29: Metalwork
A31: 2.12 | B31: Plastering
... A41: 2.17 | B41: External Works
B52: Total Carried To Final Summary

Sheet Building Works
A1: ='Building Works Summary'!A1 -> THE NATIONAL ZOOLOGICAL GARDENS OF SOUTH AFRICA IN PRETORIA
A2: ='Building Works Summary'!A2 -> THE SOUTH AFRICAN NATIONAL BIODIVERSITY INSTITUTE (SANBI)
A3: ='Building Works Summary'!A3 -> THE DESIGN, UPGRADE AND RECONSTRUCTION OF THE AQUARIUM AND ASSOCIATED TANKS, REPTILE PARK AND OUTDOOR AQUATIC POOLS
A4: SCHEDULE 2: BUILDING WORKS
A6: ITEM NO | B6: DESCRIPTION | C6: UNIT | D6: QTY | E6: RATE | F6: AMOUNT
B8: BILL NO. 1 | F8: =IF(OR(AND(D8="Prov",E8="Sum"),(E8="PC Sum")),". . . . . . . . .00",IF(ISERR(D8*E8),"",IF(D8*E8=0,"",ROUND(D8*E8,2))))
B10: ALTERATIONS | F10: =IF(OR(AND(D10="Prov",E10="Sum"),(E10="PC Sum")),". . . . . . . . .00",IF(ISERR(D10*E10),"",IF(D10*E10=0,"",ROUND(D10*E10,2))))
F11: =IF(OR(AND(D11="Prov",E11="Sum"),(E11="PC Sum")),". . . . . . . . .00",IF(ISERR(D11*E11),"",IF(D11*E11=0,"",ROUND(D11*E11,2))))
B12: PREAMBLES | F12: =IF(OR(AND(D12="Prov",E12="Sum"),(E12="PC Sum")),". . . . . . . . .00",IF(ISERR(D12*E12),"",IF(D12*E12=0,"",ROUND(D12*E12,2))))
F13: =IF(OR(AND(D13="Prov",E13="Sum"),(E13="PC Sum")),". . . . . . . . .00",IF(ISERR(D13*E13),"",IF(D13*E13=0,"",ROUND(D13*E13,2))))
B14: For preambles see 'Model Preambles for Trades, 2008 Edition as published by Association of South African Quantity Surveyors, SANS Standards and PW371 Specification of materials and methods to be used as Published by National Department of Public Works & Infrastructure | F14: =IF(OR(AND(D14="Prov",E14="Sum"),(E14="PC Sum")),". . . . . . . . .00",IF(ISERR(D14*E14),"",IF(D14*E14=0,"",ROUND(D14*E14,2))))
F15: =IF(OR(AND(D15="Prov",E15="Sum"),(E15="PC Sum")),". . . . . . . . .00",IF(ISERR(D15*E15),"",IF(D15*E15=0,"",ROUND(D15*E15,2))))
A16: 2.1 | B16: REMOVAL OF EXISTING WORK | F16: =IF(OR(AND(D16="Prov",E16="Sum"),(E16="PC Sum")),". . . . . . . . .00",IF(ISERR(D16*E16),"",IF(D16*E16=0,"",ROUND(D16*E16,2))))
F17: =IF(OR(AND(D17="Prov",E17="Sum"),(E17="PC Sum")),". . . . . . . . .00",IF(ISERR(D17*E17),"",IF(D17*E17=0,"",ROUND(D17*E17,2))))
A18: 2.1.1 | B18: Breaking up and removing reinforced concrete, including cutting off and removing reinforcement | F18: =IF(OR(AND(D18="Prov",E18="Sum"),(E18="PC Sum")),". . . . . . . . .00",IF(ISERR(D18*E18),"",IF(D18*E18=0,"",ROUND(D18*E18,2))))
A20: 2.1.1.1 | B20: 100mm thick unreinforced concrete | C20: m2 | D20: 274 | G20: =110+98 -> 208 | I20: 66 | L20: =SUM(G20:K20) -> 274
L21: =SUM(G21:K21) -> 0
A22: 2.1.1.2 | B22: 60mm thick paving | C22: m2 | D22: 60 | I22: 60 | L22: =SUM(G22:K22) -> 60
L23: =SUM(G23:K23) -> 0
A24: 2.1.1.3 | B24: Fibre cement islands and waterfall from floors and walls | C24: m3 | D24: 175 | I24: 175 | L24: =SUM(G24:K24) -> 175
L25: =SUM(G25:K25) -> 0
A26: 2.1.2 | B26: Breaking down and removing brickwork, etc. | L26: =SUM(G26:K26) -> 0
L27: =SUM(G27:K27) -> 0
A28: 2.1.2.1 | B28: One brick wall | C28: m2 | D28: 32 | G28: 12 | J28: 20 | L28: =SUM(G28:K28) -> 32
L29: =SUM(G29:K29) -> 0
A30: 2.1.3 | B30: Taking down and removing roofs, floors, panelling, ceilings, partitions, etc. | L30: =SUM(G30:K30) -> 0
L31: =SUM(G31:K31) -> 0
A32: 2.1.3.1 | B32: Steel roof sheets including from purlins | C32: m2 | D32: 113 | I32: 113 | L32: =SUM(G32:K32) -> 113
L33: =SUM(G33:K33) -> 0
A34: 2.1.3.2 | B34: Shadenet from timber purlins | C34: m2 | D34: 152 | G34: 17 | I34: 135 | L34: =SUM(G34:K34) -> 152
L35: =SUM(G35:K35) -> 0
A36: 2.1.3.3 | B36: Timber columns, beams and supports | C36: m | D36: 88 | G36: =16+42+30 -> 88 | L36: =SUM(G36:K36) -> 88
L37: =SUM(G37:K37) -> 0
A38: 2.1.3.4 | B38: Timber pole handrail slates | C38: m2 | D38: 96 | G38: 32 | I38: 64 | L38: =SUM(G38:K38) -> 96
L39: =SUM(G39:K39) -> 0
A40: 2.1.3.5 | B40: Timber deck including pannelling and supports | C40: m2 | D40: 50 | G40: 34 | I40: 16 | L40: =SUM(G40:K40) -> 50
L41: =SUM(G41:K41) -> 0
A42: 2.1.4 | B42: Taking out and removing doors, windows, etc. from brickwork to be demolished | L42: =SUM(G42:K42) -> 0
L43: =SUM(G43:K43) -> 0
A44: 2.1.4.1 | B44: Steel gate and frame size 1 000 x 2 032mm high | C44: No | D44: 1 | G44: 1 | L44: =SUM(G44:K44) -> 1
L45: =SUM(G45:K45) -> 0
A46: 2.1.4.2 | B46: Timber double door from steel frame size 1 600 x 2 032mm high | C46: No | D46: 1 | I46: 1 | L46: =SUM(G46:K46) -> 1
L47: =SUM(G47:K47) -> 0
A48: 2.1.4.3 | B48: Steel double door and frame size 1 600 x 2 100mm high | C48: No | D48: 1 | I48: 1 | L48: =SUM(G48:K48) -> 1
L49: =SUM(G49:K49) -> 0
A50: 2.1.4.4 | B50: Sluice gate size 600 x 1200mm high complete with pulley including steel rope | C50: No | D50: 1 | G50: 1 | L50: =SUM(G50:K50) -> 1
A52: 2.1.4.5 | B52: Double mesh gate size 4 000 x 1 800mm high | C52: No | D52: 1 | G52: 1 | L52: =SUM(G52:K52) -> 1
L53: =SUM(G53:K53) -> 0
A54: 2.1.4.6 | B54: Diamond mesh fence 1 800mm high | C54: m | D54: 18 | G54: 18 | L54: =SUM(G54:K54) -> 18
L55: =SUM(G55:K55) -> 0
F62: =IF(OR(AND(D62="Prov",E62="Sum"),(E62="PC Sum")),". . . . . . . . .00",IF(ISERR(D62*E62),"",IF(D62*E62=0,"",ROUND(D62*E62,2)))) | L62: =SUM(G62:K62) -> 0
L63: =SUM(G63:K63) -> 0
B64: Total Carried Forward | L64: =SUM(G64:K64) -> 0
L65: =SUM(G65:K65) -> 0
L66: =SUM(G66:K66) -> 0
B67: Total Brought Forward | L67: =SUM(G67:K67) -> 0
L68: =SUM(G68:K68) -> 0
A69: 2.1.5 | B69: Hacking up/off and removing waterproofing including removing screed and preparing surfaces for new waterproofing | F69: =IF(OR(AND(D69="Prov",E69="Sum"),(E69="PC Sum")),". . . . . . . . .00",IF(ISERR(D69*E69),"",IF(D69*E69=0,"",ROUND(D69*E69,2)))) | L69: =SUM(G69:K69) -> 0
F70: =IF(OR(AND(D70="Prov",E70="Sum"),(E70="PC Sum")),". . . . . . . . .00",IF(ISERR(D70*E70),"",IF(D70*E70=0,"",ROUND(D70*E70,2)))) | L70: =SUM(G70:K70) -> 0
A71: 2.1.5.1 | B71: Waterproofing on concrete slab including cement screed | C71: m2 | D71: 512 | I71: 512 | L71: =SUM(G71:K71) -> 512
L72: =SUM(G72:K72) -> 0
A73: 2.1.6 | B73: Hacking up/off and removing screed from concrete slab | L73: =SUM(G73:K73) -> 0
L74: =SUM(G74:K74) -> 0
A75: 2.1.6.1 | B75: Screed from floors | C75: m2 | D75: 542 | I75: =512+30 -> 542 | L75: =SUM(G75:K75) -> 542
L76: =SUM(G76:K76) -> 0
A77: 2.1.6.2 | B77: Screed from pools | C77: m2 | D77: 675 | I77: 675 | L77: =SUM(G77:K77) -> 675
L78: =SUM(G78:K78) -> 0
A79: 2.1.7 | B79: Hacking off and removing plaster from concrete soffits | L79: =SUM(G79:K79) -> 0
L80: =SUM(G80:K80) -> 0
A81: 2.1.7.1 | B81: Concrete soffits | C81: m2 | D81: 25 | I81: 25 | L81: =SUM(G81:K81) -> 25
L82: =SUM(G82:K82) -> 0
A83: 2.1.8 | B83: Hacking up/off and removing floor coverings from screeded floors | L83: =SUM(G83:K83) -> 0
L84: =SUM(G84:K84) -> 0
A85: 2.1.8.1 | B85: Swimming pool linning | C85: m2 | D85: 1160 | G85: 485 | I85: =I77 -> 675 | L85: =SUM(G85:K85) -> 1160
L86: =SUM(G86:K86) -> 0
A87: 2.1.8.2 | B87: Floor paint from floor screed | C87: m2 | D87: 485 | G87: 485 | L87: =SUM(G87:K87) -> 485
L88: =SUM(G88:K88) -> 0
A89: 2.1.8.3 | B89: Polyurathane screed from floor screed | C89: m2 | D89: 675 | I89: 675 | L89: =SUM(G89:K89) -> 675
L90: =SUM(G90:K90) -> 0
A91: 2.1.9 | B91: Taking out and removing piping, sanitary fittings, etc. including cutting off as necessary, disconnecting piping from fittings and making good floor and wall finishes | L91: =SUM(G91:K91) -> 0
L92: =SUM(G92:K92) -> 0
A93: 2.1.9.1 | B93: PVC piping not exceeding 50mm diameter | C93: m | D93: 80 | L93: =SUM(G93:K93) -> 0
A95: 2.1.9.2 | B95: PVC piping not exceeding 50mm diameter but n.e 100mm | C95: m | D95: 180 | L95: =SUM(G95:K95) -> 0
L96: =SUM(G96:K96) -> 0
A97: 2.1.10 | B97: Take and remove alumnium glass frame from concrete | L97: =SUM(G97:K97) -> 0
L98: =SUM(G98:K98) -> 0
A99: 2.1.10.1 | B99: Frame size 1 100 x 570mm high | C99: No | D99: 1 | G99: 1 | L99: =SUM(G99:K99) -> 1
L100: =SUM(G100:K100) -> 0
A101: 2.1.10.2 | B101: Frame size 1 100 x 640mm high | C101: No | D101: 1 | G101: 1 | L101: =SUM(G101:K101) -> 1
L102: =SUM(G102:K102) -> 0
A103: 2.1.10.3 | B103: Frame size 1 100 x 720mm high | C103: No | D103: 1 | G103: 1 | L103: =SUM(G103:K103) -> 1
L104: =SUM(G104:K104) -> 0
A105: 2.1.10.4 | B105: Frame size 1 100 x 770mm high | C105: No | D105: 1 | G105: 1 | L105: =SUM(G105:K105) -> 1
A107: 2.1.10.5 | B107: Frame size 1 100 x 820mm high | C107: No | D107: 1 | G107: 1 | L107: =SUM(G107:K107) -> 1
L108: =SUM(G108:K108) -> 0
A109: 2.1.10.6 | B109: Frame size 1 100 x 870mm high | C109: No | D109: 1 | G109: 1 | L109: =SUM(G109:K109) -> 1
L110: =SUM(G110:K110) -> 0
A111: 2.1.10.7 | B111: Frame size 1 100 x 930mm high | C111: No | D111: 1 | G111: 1 | L111: =SUM(G111:K111) -> 1
A113: 2.1.10.8 | B113: Frame size 900 x 1 140mm high | C113: No | D113: 1 | G113: 1 | L113: =SUM(G113:K113) -> 1
A115: 2.1.10.9 | B115: Frame size 900 x 1 200mm high | C115: No | D115: 1 | G115: 1 | L115: =SUM(G115:K115) -> 1
...

Sheet Electr summ
A2: ='Electrical Inst'!A1 -> THE NATIONAL ZOOLOGICAL GARDENS OF SOUTH AFRICA IN PRETORIA
A3: ='Electrical Inst'!A2 -> THE DESIGN, UPGRADE AND RECONSTRUCTION OF THE AQUARIUM AND ASSOCIATED TANKS, REPTILE PARK AND OUTDOOR AQUATIC POOLS
A5: ='Electrical Inst'!A3 -> ELECTRICAL INSTALLATIONS
A7: ITEM | B7: DESCRIPTION | D7: UNIT | E7: QTY | F7: AMOUNT
C10: SUMMARY
A12: 6.1 | B12: BILL 1: RETICULATION AND DISTRIBUTION BOARDS | D12: Sum | E12: 1
A13: 6.2 | B13: BILL 2: STORMY BAY - ELECTRICAL INSTALLATIONS | D13: Sum | E13: 1
A14: 6.3 | B14: BILL 3: OTTA POOLS - ELECTRICAL INSTALLATIONS | D14: Sum | E14: 1
A15: 6.4 | B15: BILL 4 - BUDGETARY ITEMS | D15: Sum | E15: 1
A16: 6.5 | B16: BILL 5: LABELLING, DOCUMENTATION AND GUARANTEES | D16: Sum | E16: 1
B24: SUB-TOTAL A (Excluding VAT)
B25: Add CONTIGENCY @ 5%
B26: SUB-TOTAL B (Including contingency and excluding VAT)
B27: Add P`s & G`s @ 10%
A29: TOTAL AMOUNT CARRIED TO FINAL SUMMARY (Excluding VAT)

Sheet Electrical Inst
A1: ='Building Works'!A1 -> THE NATIONAL ZOOLOGICAL GARDENS OF SOUTH AFRICA IN PRETORIA
A2: ='Building Works'!A3:E3 -> THE DESIGN, UPGRADE AND RECONSTRUCTION OF THE AQUARIUM AND ASSOCIATED TANKS, REPTILE PARK AND OUTDOOR AQUATIC POOLS
A3: ELECTRICAL INSTALLATIONS
A5: Item | B5: Description | C5: Unit | D5: Quantity | E5: Rate | F5: Amount
B8: BILL 1: RETICULATION AND DISTRIBUTION BOARDS
B10: Distribution Boards
B11: Distribution boards complete with all MCBs, switchgear, accessories, sheet metal frames, sub-frames, busbars, terminals, wiring, conduit terminations, labelling, fixtures and fittings as specified, with all equipment fitted and equipped in factory all strictly as per schematic diagram.
B12: (Please note that the distribution board's shop drawing should be submitted to the Engineer for approval prior to manufacture).
B14: DB-P
A15: 1.1 | B15: Supply | C15: No. | D15: 1
A16: 1.2 | B16: Install | C16: No. | D16: =D15 -> 1
B18: DB-O1
A19: 1.3 | B19: Supply | C19: No. | D19: 1
A20: 1.4 | B20: Install | C20: No. | D20: =D19 -> 1
B22: DB-O2
A23: 1.5 | B23: Supply | C23: No. | D23: 1
A24: 1.6 | B24: Install | C24: No. | D24: =D23 -> 1
B27: DB (200 x 200) surface outdoor empty DB box
A28: 1.7 | B28: Supply | C28: No. | D28: 1
A29: 1.8 | B29: Install | C29: No. | D29: =D28 -> 1
B32: 63A CB, 5KA, Three phase
A33: 1.9 | B33: Supply | C33: No. | D33: 1
A34: 1,10 | B34: Install | C34: No. | D34: =D33 -> 1
B36: 20A CB, 5KA, Single phase
A37: 1.11 | B37: Supply | C37: No. | D37: 4
A38: 1.12 | B38: Install | C38: No. | D38: =D37 -> 4
B40: 15A CB, 5KA, Single phase
A41: 1.13 | B41: Supply | C41: No. | D41: 5
A42: 1.14 | B42: Install | C42: No. | D42: =D41 -> 5
B45: 130A CB, 5KA, Three phase
A46: 1.15 | B46: Supply | C46: No. | D46: 1
A47: 1.16 | B47: Install | C47: No. | D47: =D46 -> 1
A55: CARRIED FORWARD
A56: Item | B56: Description | C56: Unit | D56: Quantity | E56: Rate | F56: Amount
A58: BROUGHT FORWARD
B60: Low voltage cables
B61: 600/1 000V PVC/PVC/SWA/PVC multi-core copper cable installed in sleeves (sleeves measured elsewhere)
B63: 35mm² 4 Core
A64: 1.21 | B64: Supply | C64: m | D64: 50
A65: 1.22 | B65: Install | C65: m | D65: =D64 -> 50
B67: 25mm² 4 Core
A68: 1.23 | B68: Supply | C68: m | D68: 50
A69: 1.24 | B69: Install | C69: m | D69: =D68 -> 50
B71: 4mm² 4 Core
A72: 1.25 | B72: Supply | C72: m | D72: 400
A73: 1.25 | B73: Install | C73: m | D73: =D72 -> 400
B75: Low voltage cable terminations
B76: Make off and terminate the LV cable, complete with glands and shrouds including connection of cable to equipment terminals
B78: 35mm² 4 Core
A79: 1.27 | B79: Supply | C79: No. | D79: 4
A80: 1.28 | B80: Install | C80: No. | D80: =D79 -> 4
B82: 25mm² 4 Core
A83: 1.29 | B83: Supply | C83: No. | D83: 4
A84: 1,30 | B84: Install | C84: No. | D84: =D83 -> 4
B86: 4mm² 4 Core
A87: 1.31 | B87: Supply | C87: No. | D87: 8
A88: 1.32 | B88: Install | C88: No. | D88: =D87 -> 8
B91: Earthing Conductors
B92: Bare stranded copper earth conductor installed in sleeves (sleeves measured elsewhere)
B94: 25mm²
A95: 1.33 | B95: Supply | C95: m | D95: 100
A96: 1.34 | B96: Install | C96: m | D96: =SUM(D95) -> 100
B98: 4mm²
A99: 1.35 | B99: Supply | C99: m | D99: 400
A100: 1.36 | B100: Install | C100: m | D100: =SUM(D99) -> 400
B102: Circuit breakers
B103: Circuit breaker must comply with the latest SANS regulations
B105: 63A, 5kA, 3ph, curve 1 or curve 3 breaker
A106: 1.37 | B106: Supply | C106: No | D106: 2
A107: 1.38 | B107: Install | C107: No | D107: 2
A110: CARRIED FORWARD
A111: Item | B111: Description | C111: Unit | D111: Quantity | E111: Rate | F111: Amount
A113: BROUGHT FORWARD
B115: Earthing conductor terminations
B116: Make off and terminate earth conductor, including lugs and connections
B118: 25mm²
A119: 1.39 | B119: Supply | C119: No. | D119: 4
A120: 1.4 | B120: Install | C120: No. | D120: =D119 -> 4
B122: 4mm²
A123: 1.41 | B123: Supply | C123: No. | D123: 2
A124: 1.42 | B124: Install | C124: No. | D124: =D123 -> 2
B128: Earth Rods
B129: SABS approved copper earth rod
B131: 1500mm long 16mm diameter
A132: 1.43 | B132: Supply | C132: No. | D132: 3
A133: 1.44 | B133: Install | C133: No. | D133: =D132 -> 3
B135: Sleeves
B137: Kabelflex high density (or equal and approved) polyethylene (HDPE) sleeve with double wall construction, corrugated outer wall and smooth inner wall finish inclusive of couplers, bends, etc
B139: 110mm diameter
A140: 1.45 | B140: Supply | C140: m
A141: 1.46 | B141: Install | C141: m
B143: 50mm diameter
A144: 1.47 | B144: Supply | C144: m
A145: 1.48 | B145: Install | C145: m
B147: 32mm diameter bosal conduit
A148: 1.49 | B148: Supply | C148: m | D148: 20
A149: 1.5 | B149: Install | C149: m | D149: 20
B153: Draw wires
B154: Draw wire drawn into sleeves and conduits including approximately 300mm slack in boxes, distribution board, etc.
B156: 1.6mm² Galvanised steel draw wire
...

Sheet mech summ
A1: ='Bill 3-Penguin Pool'!A1 -> THE NATIONAL ZOOLOGICAL GARDENS OF SOUTH AFRICA IN PRETORIA
A2: ='Bill 3-Penguin Pool'!A2 -> MECHANICAL INSTALLATIONS
A4: ITEM | B4: DESCRIPTION | C4: UNIT | F4: AMOUNT
B6: SUMMARY
A7: 1 | B7: Otter Pools | C7: Item | F7: ='Bill 1- Otter Pools'!F40 -> 0
A8: 2 | B8: Seal Pool | C8: Item | F8: ='Bill 2-Seal Pool'!F35 -> 0
A9: 3 | B9: Penguin Pool | C9: Item | F9: ='Bill 3-Penguin Pool'!F43 -> 0
A10: 4 | B10: Operating & Maintenance Manuals and AS BUILT drawings | C10: Item | F10: 20000
B11: Sub-Total
A12: 5 | B12: P & G Items for Mechanical Subcontract | C12: Item | F12: Included | G12: 200000
A13: 6 | B13: Contigencies | C13: Item | F13: Included | G13: 250000
A14: 7 | B14: Total for Mechanical Services Sub- Contract | C14: Item | F14: =F11 -> 0
B16: DAY WORKS AND ADDITIONAL MATERIAL
B17: Provisional sum above to be expended as and when required upon instructions from the engineer and against which the contractor shall have no claim except where such instructions are passed and deducted in whole or in part if not required. The rates for items below shall be used
B19: Labour
B20: The rates for labour in dayworks are to be applied to the hours worked and are to include overheads, profits, etc.
B22: Normal Time
B23: Technician
B24: Apprentice
B25: Semi-skilled
B26: Labourer
B28: Sundays and Public Holidays
B29: Technician
B30: Apprentice
... B39: 5 ton truck in dayworks
B44: TOTAL MECHANICAL TENDER SUM CARRIED TO MAIN CONTRACT SUMMARY | F44: =SUM(F14) -> 0

Sheet Bill 1- Otter Pools
A1: ='Electrical Inst'!A1 -> THE NATIONAL ZOOLOGICAL GARDENS OF SOUTH AFRICA IN PRETORIA
A2: MECHANICAL INSTALLATIONS
A4: ITEM | B4: DESCRIPTION | C4: UNIT | D4: QTY | E4: RATE | F4: AMOUNT
A6: 1 | B6: OTTER POOLS MECHANICAL SYSTEMS
B8: Design, manufacture, works testing, supply and delivery to site, moving into position, erection, connecting up, site testing, witness testing, proving to the inspectors, demonstrating to the Employer and maintenance of the complete installation as outlined in the specification and on the drawings.
A10: 1.1 | B10: New circulation pump as Howden Nomaflo 80-250, 18kW or approved equal and new pool water strainer with 80mm dia. connection | C10: No. | D10: 1
A11: 1.2 | B11: Refurbish the existing circulation pump as Howden Nomaflo 80-250,18kW and existing strainer | C11: No. | D11: 1
B12: mPVC pipe to SANS 966-2 including pipe fittings as necessary to make a complete installation
A13: 1.3 | B13: 80mm | C13: m | D13: 80
A14: 1.4 | B14: 50mm | C14: m | D14: 25
A15: 1.5 | B15: 32mm | C15: m | D15: 15
B16: Potable water pipes including pipe fittings as necessary to make a complete installation
A17: 1.6 | B17: 20mm Class 9 HDPE pipe | C17: m | D17: 30
A18: 1.7 | B18: 15mm Class O copper to SANS 460 | C18: m | D18: 6
B19: Valves
A20: 1.8 | B20: 32mm uPVC valve | C20: No. | D20: 4
A21: 1.9 | B21: 50mm uPVC valve | C21: No. | D21: 4
A22: 1.10 | B22: 80mm butterfly flanged steel valves | C22: No. | D22: 4
A23: 1.11 | B23: 20mm brass ball valve | C23: No. | D23: 2
B24: Pool overflow water inlet with leaf catchers
A25: 1.12 | B25: 200mm dia with 80 NB connection | C25: No. | D25: 2
A26: 1.13 | B26: 100mm dia with 50 NB connection | C26: No. | D26: 2
B27: Pool water return inlet with strainer
A28: 1.14 | B28: 200mm dia with 80 NB connection | C28: No. | D28: 1
A29: 1.15 | B29: 100mm dia with 50 NB connection | C29: No. | D29: 2
B30: Filter banks
A31: 1.16 | B31: Refurbish Existing set of 4 filters | C31: No. | D31: 1
A32: 1.17 | B32: New set of 4 filters complete with connections and fittings | C32: No. | D32: 1
B33: Drainage Sump
A34: 1.18 | B34: 300 x 300 cast iron stormwater sump grate | C34: No. | D34: 1
A35: 1.19 | B35: 110 UG PVC to SANS 967 storm water drainage pipe | C35: m | D35: 10
B36: Testing & Maintenance
A37: 1.20 | B37: Alow for testing and commissioning to the satisfaction of the engineer | C37: Item | D37: 1
A39: 1.21 | B39: Allow for maintenance during defects liability period in terms of the contract | C39: Item | D39: 1
B40: Total carried to Summary Page | F40: =SUM(F9:F39) -> 0

Sheet Bill 2-Seal Pool
A1: ='Bill 1- Otter Pools'!A1 -> THE NATIONAL ZOOLOGICAL GARDENS OF SOUTH AFRICA IN PRETORIA
A2: ='Bill 1- Otter Pools'!A2 -> MECHANICAL INSTALLATIONS
A4: ITEM | B4: DESCRIPTION | C4: UNIT | D4: QUANTITY | E4: RATE | F4: AMOUNT
A6: 2 | B6: SEAL POOL
B8: Design, manufacture, works testing, supply and delivery to site, moving into position, erection, connecting up, site testing, witness testing, proving to the inspectors, demonstrating to the Employer and maintenance of the complete installation as per conditions of contract and the specification and on drawings.
B10: mPVC pipe to SANS 966-2 including pipe fittings as necessary to make a complete installation
A11: 2.1 | B11: 250mm | C11: m | D11: 30
A12: 2.2 | B12: 160mm | C12: m | D12: 10
B13: Fittings
A14: 2.3 | B14: 250mm butterfly valve | C14: No. | D14: 1
A15: 2.4 | B15: Pool water filter with 250mm inlet | C15: No. | D15: 1
A16: 2.5 | B16: 600mm dia drain fittings with strainer grate and vortex inhibitor | C16: No. | D16: 4
A17: 2.6 | B17: Allow for 250 mm dia pipe connection to pumps suction header | C17: Item | D17: 1
A18: 2.7 | B18: Allow for 100mm wide x 4000mm long overflow grate with leaf strainer over trench and connection to existing pipe | C18: Item | D18: 1
A19: 2.8 | B19: 300 x 300 cast iron stormwater sump grating | C19: No. | D19: 1
A20: 2.9 | B20: 110 UG PVC to SANS 967 storm water drainage pipe | C20: m | D20: 20
A22: 2.10 | B22: Allowance for remedial work on clarifiers | C22: Item | D22: 1
B24: Testing and Commissioning
A25: 2.11 | B25: Testing and commissioning to the satisfaction of the engineer | C25: Item | D25: 1
A26: 2.12 | B26: Allow for maintenance during defects liability period in terms of the contract | C26: Item | D26: 1
B35: Total carried to Summary Page

Sheet Bill 3-Penguin Pool
A1: ='Bill 2-Seal Pool'!A1 -> THE NATIONAL ZOOLOGICAL GARDENS OF SOUTH AFRICA IN PRETORIA
A2: ='Bill 2-Seal Pool'!A2 -> MECHANICAL INSTALLATIONS
A4: ITEM | B4: DESCRIPTION | C4: UNIT | D4: QTY | E4: RATE | F4: AMOUNT
A6: 3 | B6: PENGUIN POOL
B8: Design, manufacture, works testing, supply and delivery to site, moving into position, erection, connecting up, site testing, witness testing, proving to the inspectors, demonstrating to the Employer and maintenance of the complete installation as outlined in the specification and on the drawings.
A10: 3.1 | B10: Wall mounted extract propeller fans duty 1.5m³/s at 250Pa to be complete with controller and external weather louvre | C10: No. | D10: 2
A12: 3.2 | B12: 1500 x 900 anodized aluminium louvres as TROX AWK or equal | C12: No. | D12: 2
A14: 3.3 | B14: 300mm dia overflow pool water return fitting with strainer | C14: No. | D14: 1
A16: 3.4 | B16: 100mm dia Class 4 HDPE Pipe | C16: m | D16: 10
A18: 3.5 | B18: Allow for the decommissioning of the cooling system and recommissioning of the water circulation system with cooling system decommissioned | C18: Item | D18: 1
B20: Testing & Commissioning
A22: 3.6 | B22: Testing and commissioning to the satisfaction of the engineer | C22: Item | D22: 1
A24: 3.7 | B24: Allow for maintenance during defect liability period in terms of the contract | C24: Item | D24: 1
B43: Total carried to Summary Page
